 Dungeon Crawl Stone Soup version 0.30-a0-723-gc1506a1cf0 (webtiles) character file.

Game seed: 12770186872309538052

246 Darius099 the Ruffian (level 5, -2/50 HPs)
             Began as a Troll Monk on Jan 28, 2023.
             Slain by Edmund
             ... wielding a +1 dire flail of protection
              (5 damage)
             ... on level 4 of the Dungeon.
             The game lasted 00:04:38 (1971 turns).

Darius099 the Ruffian (Troll Monk)                  Turns: 1971, Time: 00:04:38

Health: -2/50      AC:  9    Str: 23    XL:     5   Next: 84%
Magic:  4/4        EV: 10    Int:  6    God:
Gold:   189        SH:  0    Dex: 14    Spells: 4/4 levels left

rFire   . . .      SeeInvis .      - Unarmed
rCold   . . .      Faith    .    (no shield)
rNeg    . . .      Spirit   .    n - +0 robe "Obuyjao" {-Cast Str+4}
rPois   .          Reflect  .    (helmet restricted)
rElec   .          Harm     .    r - +0 cloak
rCorr   .          Rampage  .    (gloves unavailable)
Will    .....      NoCast   +    (boots unavailable)
Stlth   ++                       (no amulet)
HPRegen 1.08/turn                c - +4 ring of protection
MPRegen 0.09/turn                (no ring)

@: mighty
A: large, unfitting armour, claws 3, regeneration 1, shaggy fur 1, tough skin 1
a: no special abilities


You were on level 4 of the Dungeon.
You visited 1 branch of the dungeon, and saw 4 of its levels.

You collected 189 gold pieces.

Inventory:

Armour
 a - a +0 robe
 n - the +0 robe "Obuyjao" (worn) {-Cast Str+4}
   (You found it on level 2 of the Dungeon)

   Str:       It affects your strength (+4).
   -Cast:     It prevents spellcasting.
 r - a +0 cloak (worn)
Jewellery
 c - a +4 ring of protection (left claw)
Wands
 t - a wand of mindburst (14)
Scrolls
 h - 2 scrolls of poison {unknown}
 k - a scroll of blinking {unknown}
 l - 3 scrolls of identify {unknown}
 p - a scroll of immolation {unknown}
 q - 2 scrolls of noise {unknown}
 s - a scroll of teleportation {unknown}
 v - a scroll of enchant armour {unknown}
 w - a scroll of fog {unknown}
Potions
 b - a potion of ambrosia
 d - 2 potions of might
 e - a potion of flight {unknown}
 f - a potion of resistance
 g - a potion of mutation {unknown}
 i - a potion of magic {unknown}
 j - a potion of heal wounds {unknown}
 m - a potion of attraction {unknown}
 o - a potion of curing {unknown}
 u - a potion of brilliance {unknown}


   Skills:
 - Level 2.4 Fighting
 - Level 2.4 Dodging
 - Level 1.0 Stealth
 + Level 6.6 Unarmed Combat


You had 4 spell levels left.
You didn't know any spells.
Your spell library contained the following spells:

 Spells                   Type           Power      Damage    Failure   Level
 Blink                    Tloc           0%         N/A       58%         2
 Lesser Beckoning         Tloc           0%         N/A       58%         2
 Momentum Strike          Conj/Tloc      0%         3d8       58%         2


Dungeon Overview and Level Annotations

Branches:
Dungeon (4/15)
 Temple: D:4-7

Altars:
Cheibriados
Yredelemnul

Annotations:
D:4 Edmund


Innate Abilities, Weirdness & Mutations

You are too large for most types of armour.
You have claws for hands.
Your natural rate of healing is unusually fast.
You are covered in fur. (AC +1)
You have tough skin. (AC +1)


Message History

No target in view!
No target in view!
HP restored.
q - 2 scrolls labelled OSYSHECLORPH (gained 1)
Found a snail-covered altar of Cheibriados.
Found an escape hatch in the ceiling.
w - a scroll labelled DUPPIU WENKAM No target in view!
No target in view!
No target in view!
Edmund the Younger comes into view.
He is wielding a +1 dire flail of protection.
Found a stone staircase leading down.
Edmund drinks a potion.
Edmund flickers and vanishes!
Deactivating autopickup; reactivate with Ctrl-A.
You see here a scroll labelled GUC ETSUSTY.
There are no items here.
Something hits you but does no damage.
You scratch something. Something hits you!
You scratch something but do no damage. You scratch something.
Something hits you.
You miss something. Something hits you!
You scratch something. Something hits you.
You completely miss something. Something hits you.
You miss something. Something hits you.
You miss something. Something hits you.
* * * LOW HITPOINT WARNING * * *
You closely miss something. You miss something. Something hits you.
* * * LOW HITPOINT WARNING * * *
You barely miss something. Something hits you but does no damage.
You closely miss something. Something hits you!
* * * LOW HITPOINT WARNING * * *
You scratch something but do no damage. Something hits you but does no damage.
You scratch something but do no damage. Something hits you.
* * * LOW HITPOINT WARNING * * *
You claw something!
It was a potion of might.
You feel very mighty all of a sudden. Something hits you.
You die...

..##........................
.###...##.####.............#
###....#.##..##............#
##.....#.#+##.#............#
#......#.#..#.#............#
#......#.#w<#.#............#
##.....#.####.#............#
##....##....##............#
##....######..@{....?..$.#
.......................#
###...#####.......# #...
##....$..# #.. #.......# #..
#......... #. #.......#> #.
#.......# #.......#


There were no monsters in sight!

Vanquished Creatures
  A scorpion (D:4)
  An orc priest (D:3)
  Terence (D:2)
  An orc wizard (D:3)
  5 adders
  4 dart slugs
  An orc (D:3)
  9 ball pythons
  3 bats
  An endoplasm (D:1)
  2 giant cockroaches
  4 goblins
  8 hobgoblins
  6 jackals (D:2)
  6 kobolds
  3 rats
56 creatures vanquished.

Notes
Turn   | Place    | Note
-------+----------+-------------------------------------------
     0 | D:1      | Darius099 the Troll Monk began the quest for the Orb.
     0 | D:1      | Reached XP level 1. HP: 22/22 MP: 0/0
    74 | D:1      | Found a faded altar of an unknown god.
   181 | D:1      | Reached XP level 2. HP: 29/29 MP: 1/1
   572 | D:2      | Reached skill level 4 in Unarmed Combat
   608 | D:2      | Reached XP level 3. HP: 36/36 MP: 2/2
  1161 | D:2      | Identified the +0 robe "Obuyjao" {-Cast Str+4}
  1223 | D:2      | Noticed Terence
  1233 | D:2      | Killed Terence
  1234 | D:2      | Reached skill level 5 in Unarmed Combat
  1234 | D:2      | Reached XP level 4. HP: 43/44 MP: 3/3
  1427 | D:3      | Found a basalt altar of Yredelemnul.
  1523 | D:3      | Reached XP level 5. HP: 42/50 MP: 4/4
  1527 | D:3      | Reached skill level 6 in Unarmed Combat
  1917 | D:4      | Found a snail-covered altar of Cheibriados.
  1947 | D:4      | Noticed Edmund
  1967 | D:4      | HP: 1/50 [something (11)]
  1971 | D:4      | Slain by Edmund

Illustrated notes

Levels and vault maps discovered:
D:1:      matt_arrival_spirals, layout_basic,
          hellmonk_ecumenical_altar_prayer_group
D:2:      layout_loops_corners, minmay_shallow_snake_nest, uniq_terence
D:3:      layout_rooms, yredelemnul_altar_generic
D:4:      layout_basic, chei_slow_surprise, serial_bayou_pond_d, minivault_19,
          uniq_edmund, uniq_eustachio

Skill      XL: |  1  2  3  4  5 |
---------------+----------------+-----
Unarmed Combat | 4 5 6 |  6.6
Fighting       | |  2.4
Dodging        | |  2.4
Stealth        | |  1.0

Action                     |  1- 3 |  4- 6 || total
---------------------------+-------+-------++-------
  Melee: Unarmed           |    62 |    54 ||   116
         Punch             |     2 |     2 ||     4
    Use: Potion            |       |     1 ||     1
   Stab: Sleeping          |     2 |     2 ||     4
 Armour: Robe              |    28 |    25 ||    53
  Dodge: Dodged            |    24 |    17 ||    41

Table legend: (Time is in decaauts)
 A = Elapsed time spent in this place.
 B = Non-inter-level travel time spent in this place.
 C = Inter-level travel time spent in this place.
 D = Time resting spent in this place.
 E = Time spent auto-exploring this place.
 F = Levels seen in this place.
 G = Mean time per level.
                   A        B        C        D        E       F      G
               +--------+--------+--------+--------+--------+-----+--------+
         Total |   1958 |   1884 |     74 |      4 |   1401 |   4 |  489.5 |
       Dungeon |   1958 |   1884 |     74 |      4 |   1401 |   4 |  489.5 |
               +--------+--------+--------+--------+--------+-----+--------+

Top non-repeatable levels by time:
     D:2: 847 daAuts
     D:1: 561 daAuts
     D:3: 419 daAuts
     D:4: 129 daAuts
